 Dungeon Crawl Stone Soup version 0.29.1-12-g30fa7ad0bf (webtiles) character file.

Game seed: 16436608910760842952

37 nachturnus the Slasher (level 3, -4/29 HPs)
             Began as a Human Monk on Jan 17, 2023.
             Killed by nerve-wracking pain
             ... invoked by Jessica
              (12 damage)
             ... on level 2 of the Dungeon.
             The game lasted 00:04:32 (1621 turns).

nachturnus the Slasher (Human Monk)                 Turns: 1621, Time: 00:04:33

Health: -4/29      AC:  4    Str: 11    XL:     3   Next: 62%
Magic:  3/3        EV: 12    Int: 10    God:
Gold:   57         SH:  0    Dex: 17    Spells: 2/2 levels left

rFire   . . .      SeeInvis .   a - +0 falchion
rCold   . . .      Faith    .   (no shield)
rNeg    . . .      Spirit   .   f - +0 leather armour
rPois   .          Reflect  .   (no helmet)
rElec   .          Harm     .   l - +0 cloak
rCorr   .          Rampage  .   (no gloves)
Will    .....                   (no boots)
Stlth   ++........              (no amulet)
HPRegen 0.09/turn               (no ring)
MPRegen 0.08/turn               (no ring)

@: slowed, very slow
A: no striking features
a: no special abilities


You were on level 2 of the Dungeon.
You visited 1 branch of the dungeon, and saw 2 of its levels.

You collected 57 gold pieces.

Inventory:

Hand Weapons
 a - a +0 falchion (weapon)
Armour
 f - a +0 leather armour (worn)
 l - a +0 cloak (worn)
Jewellery
 g - a ring of wizardry
Scrolls
 d - a scroll of blinking
 i - a scroll of magic mapping {unknown}
Potions
 b - 2 potions of curing
 c - 2 potions of ambrosia
 e - a potion of heal wounds
 h - a potion of brilliance {unknown}
 j - a potion of haste {unknown}
 k - a potion of berserk rage


   Skills:
 - Level 3.0 Fighting
 + Level 4.4 Long Blades
 - Level 3.0 Dodging
 - Level 2.0 Stealth


You had 2 spell levels left.
You didn't know any spells.
Your spell library was empty.

Dungeon Overview and Level Annotations

Branches:
Dungeon (2/15)

Altars:

Shops:
D:1 *   D:2 ([?*

Annotations:
D:2 Jessica


Message History

Jessica the Apprentice Sorceress comes into view.
She is wielding a +0 dagger.
Jessica shouts!
Jessica hits you with a +0 dagger.
You hit Jessica.
Jessica is lightly wounded.
Jessica hits you with a +0 dagger.
You barely miss Jessica.
Jessica is lightly wounded.
Jessica barely misses you.
You closely miss Jessica.
Jessica is lightly wounded.
Jessica hits you with a +0 dagger.
You barely miss Jessica.
Jessica is lightly wounded.
Jessica hits you with a +0 dagger.
You barely miss Jessica.
Jessica is lightly wounded.
Jessica hits you with a +0 dagger.
You are too injured to fight recklessly!
You hit Jessica.
Jessica is moderately wounded.
Jessica looks very angry.
Jessica casts a spell.
Jessica blinks!
There is an entrance to Osoerios's Antique Weapon Emporium here.
Jessica grins evilly.
Jessica points at you and mumbles some strange words.
You feel yourself slow down.
Jessica casts a spell.
Jessica seems to speed up.
Jessica barely misses you.
You hit Jessica.
Jessica is heavily wounded.
Jessica hits you with a +0 dagger. Jessica closely misses you.
You closely miss Jessica.
Jessica is heavily wounded.
Jessica hits you with a +0 dagger.
* * * LOW HITPOINT WARNING * * *
Jessica gestures at you while chanting. Pain shoots through your body!
You die...

................∩†...............
#.##....##########.##############
#. #....# #.# #.##....##### #.#
.<..........### #.#
)......####.... #.. .......#
#.##.###### .......# #.........#
.......# #..#..@#..# ... .......#
#..#.#@..# .. .......# #...∩...(#
.. .......# #..#.#...# ##.#
...(...# ##.#...#..## ##..# #
.(.....# #..........# #...#####
.......# #.####.....# ####.....
.####### #...........# #∩# .#
#...........# #'##


You could see Jessica (fast).

Vanquished Creatures
  A dart slug (D:1)
  4 bats
  4 endoplasms
  3 giant cockroaches
  2 goblins
  6 hobgoblins
  A kobold (D:1)
  A quokka (D:1)
  5 ball pythons
  A frilled lizard (D:1)
  A rat (D:1)
29 creatures vanquished.

Notes
Turn   | Place    | Note
-------+----------+-------------------------------------------
     0 | D:1      | nachturnus the Human Monk began the quest for the Orb.
     0 | D:1      | Reached XP level 1. HP: 18/18 MP: 1/1
   197 | D:1      | Reached XP level 2. HP: 23/24 MP: 2/2
   796 | D:1      | Reached skill level 4 in Long Blades
   796 | D:1      | Reached XP level 3. HP: 29/29 MP: 3/3
   865 | D:1      | Found a faded altar of an unknown god.
  1006 | D:1      | Found Vecuig's Assorted Antiques.
  1358 | D:2      | Found Dagro's Armour Boutique.
  1472 | D:2      | Found Ferewn's General Store.
  1587 | D:2      | Found Yduaruw's Magic Scroll Emporium.
  1603 | D:2      | Found Osoerios's Antique Weapon Emporium.
  1606 | D:2      | Noticed Jessica
  1621 | D:2      | Killed from afar by Jessica

Illustrated notes

Levels and vault maps discovered:
D:1:      lemuel_arrival_lava_pool, layout_basic,
          shapermc_ecumenical_altar_mp_vishouse, serial_shops,
          nicolae_shop_waterfront
D:2:      layout_basic, serial_shops, nicolae_shop_window_shopping,
          nicolae_shop_advertising_works [nicolae_subvault_shop_adworks], shop,
          nicolae_shop_trees, lemuel_flame_loot_1, uniq_jessica

Skill      XL: |  1  2 |
---------------+-------+-----
Long Blades    | 4 |  4.4
Fighting       | |  3.0
Dodging        | |  3.0
Stealth        | |  2.0

Action                   || total
-------------------------++-------
Melee: Falchion          ||    76
  Use: Scroll            ||     8
 Stab: Sleeping          ||     7
Armor: Robe              ||     3
       Leather armour    ||    13
Dodge: Dodged            ||    56
